Description

Mech is coming soon !

Replay - AiLillekanin v SortOf: Game 3 - Frost LE

Build Order

Get SALT Encoding   

  12  0:00  SCV  
  13  0:12  SCV  
  14  0:17  Supply Depot  
  14  0:24  SCV  
  15  0:39  SCV  
  15  0:40  Barracks  
  16  0:44  Refinery  
  16  0:51  SCV  
  17  1:03  SCV  
  18  1:15  SCV  
  19  1:27  Barracks Reactor  
  19  1:28  Orbital Command  
  19  1:43  Command Center  
  19  1:54  Supply Depot, SCV  
  20  2:05  Marine  
  20  2:06  Marine  
  20  2:07  SCV  
  23  2:18  Factory  
  23  2:19  SCV  
  24  2:23  Marine x2  
  26  2:31  SCV  
  27  2:41  Marine  
  27  2:42  Marine  
  27  2:43  SCV  
  30  2:55  SCV  
  30  2:57  Orbital Command  
  31  3:04  Refinery  
  31  3:07  Starport  
  31  3:08  Hellion x2  
  31  3:10  Marine  
  36  3:17  Supply Depot  
  36  3:18  SCV  
  37  3:23  SCV  
  38  3:30  SCV  
  38  3:31  Hellion  
  38  3:32  Hellion  
  43  3:40  Marine  
  44  3:43  Armory  
  44  3:45  Medivac  
  46  3:49  SCV  
  46  3:54  Hellion  
  49  3:56  Hellion  
  49  4:00  Supply Depot  
  49  4:01  SCV  
  52  4:05  Liberator  
  52  4:08  Barracks Reactor, SCV  
  53  4:22  Hellion x2  
  60  4:25  Supply Depot  
  60  4:26  SCV  
  60  4:28  SCV  
  62  4:47  Hellion, SCV  
  57  4:52  Hellion  
  57  4:53  SCV  
  57  4:59  SCV  
  50  5:06  Liberator x2  
  50  5:08  Hellion  
  50  5:11  SCV  
  54  5:14  SCV, Hellion  
  54  5:17  Command Center  
  55  5:24  SCV  
  62  5:30  Refinery  
  61  5:38  Hellion  
  61  5:46  Hellion  
  61  5:47  SCV  
  59  5:54  SCV  
  58  5:57  Refinery  
  58  5:58  Factory x2, Liberator  
  58  5:59  SCV  
  58  6:00  Hellion  
  59  6:07  SCV  
  59  6:08  Hellion  
  59  6:11  SCV  
  63  6:12  Command Center  
  61  6:18  Liberator  
  61  6:21  Hellion  
  61  6:23  SCV  
  61  6:24  Marine, SCV  
  66  6:34  Hellion  
  66  6:35  SCV  
  66  6:37  SCV  
  73  6:41  Liberator  
  73  6:45  SCV  
  74  6:50  Factory Tech Lab x2  
  74  6:54  Factory  
  74  6:59  SCV x2  
  75  7:02  SCV  
  74  7:12  Siege Tank  
  74  7:13  Hellion  
  71  7:24  Hellion  
  71  7:25  Hellion  
  71  7:27  Orbital Command  
  75  7:30  Factory  
  75  7:31  SCV  
  75  7:32  Supply Depot, SCV  
  75  7:35  Hellion  
  79  7:42  Terran Vehicle Weapons Level 1, Orbital Command  
  75  7:44  Hellion  
  75  7:46  SCV  
  75  7:48  Factory Tech Lab  
  78  7:51  Supply Depot  
  78  7:52  SCV  
  78  7:56  Orbital Command, Hellion  
  78  7:58  Mag-Field Accelerator, SCV  
  82  8:03  Hellion x2  
  82  8:04  SCV  
  87  8:06  Siege Tank  
  87  8:07  Widow Mine  
  87  8:08  Liberator  
  92  8:15  Factory Tech Lab  
  92  8:17  Hellion  
  92  8:19  SCV  
  95  8:26  Hellion x2  
  99  8:27  SCV  
  99  8:31  SCV  
  99  8:34  Armory  
  99  8:37  Siege Tank  
  102  8:48  Siege Tank  
  105  8:53  Orbital Command  
  105  8:57  Siege Tank  
  105  9:01  Hellion x2  
  109  9:07  Infernal Pre-Igniter  
  109  9:15  Hellion x2  
  111  9:20  Siege Tank  
  111  9:22  SCV x3  
  111  9:23  SCV  
  116  9:25  Refinery  
  116  9:26  Refinery  
  116  9:40  Orbital Command  
  116  9:41  Liberator, SCV  
  115  9:48  SCV  
  116  9:56  Supply Depot x2  
  116  9:58  Hellion x2  
Spawning Tool Build Advisor. Get it on Overwolf

Go to:

Details

  • Created by: PeterLiu
  • Published on: Sep 06, 2016
  • Modified on: Sep 06, 2016
  • Patch: Pre-3.8.0
Show
View Real Time Build Order
Export as new Build Order

Comments (0)

There are no comments. Be the first!

Create an account to comment!